 Dungeon Crawl Stone Soup version 0.24.0-125-gc4c63601f3 (webtiles) character file.

Game seed: 17124878838940350094, levelgen mode: deterministic

555 Descartes the Chopper (level 7, -1/55 HPs)
             Began as a Formicid Chaos Knight on Feb 28, 2020.
             Was a Plaything of Xom.
             Slain by Prince Ribbit (12 damage)
             ... on level 6 of the Dungeon.
             The game lasted 00:10:20 (3583 turns).

Descartes the Chopper (Formicid Chaos Knight)       Turns: 3583, Time: 00:10:21

Health: -1/55      AC: 13    Str: 21    XL:     7   Next: 55%
Magic:  7/7        EV:  6    Int: 11    God:    Xom [.*....]
Gold:   238        SH:  0    Dex:  5    Spells: 6/6 levels left

rFire    . . .     SeeInvis +   a - +0 hand axe (chaos)
rCold    + . .     Gourm    .   (no shield)
rNeg     + . .     Faith    .   m - +0 plate armour
rPois    .         Spirit   .   (helmet unavailable)
rElec    .         Reflect  .   z - +0 cloak
rCorr    .         Harm     .   (no gloves)
MR       .....                  (no boots)
Stlth    ..........             (no amulet)
HPRegen  0.18/turn              C - ring of see invisible
MPRegen  0.10/turn              A - ring of the First Seas {rC+ rN+ Str+2 Dex-5}

@: no status effects
A: permanent stasis, dig shafts and tunnels, four strong arms, antennae 3
a: Dig, Shaft Self, Renounce Religion


You were on level 6 of the Dungeon.
You worshipped Xom.
You were a plaything of Xom.
You were hungry.

You visited 1 branch of the dungeon, and saw 6 of its levels.

You collected 238 gold pieces.

Inventory:

Hand Weapons
 a - a +0 hand axe of chaos (weapon)
 g - a +1 antimagic short sword
 r - a +0 club
 u - a +0 war axe
Missiles
 h - 8 boomerangs (quivered)
 i - 64 bolts
 j - 221 stones
 k - 97 arrows
 B - 21 sling bullets
 F - 4 javelins
Armour
 b - a +2 leather armour
 m - a +0 plate armour (worn)
 z - a +0 cloak (worn)
Jewellery
 y - an uncursed ring of flight
 A - the ring of the First Seas (right hand) {rC+ rN+ Str+2 Dex-5}
   (You found it on level 4 of the Dungeon)

   [ring of positive energy]

   It affects your strength (+2).
   It affects your dexterity (-5).
   It protects you from cold.
   It protects you from negative energy.
 C - a ring of see invisible (left hand)
 E - a +2 amulet of reflection {unknown}
Wands
 x - a wand of enslavement (9)
 H - a wand of disintegration (11)
 I - a wand of flame (21)
Scrolls
 e - 6 scrolls of identify {unknown}
 l - 2 scrolls of immolation {unknown}
 n - 2 scrolls of remove curse {unknown}
 o - a scroll of fog {unknown}
 p - a scroll of amnesia {unknown}
 q - 2 scrolls of enchant weapon {unknown}
 t - a scroll of enchant armour {unknown}
 v - a scroll of blinking {unknown}
 w - a scroll of random uselessness {unknown}
 D - 3 scrolls of teleportation {unknown}
 G - 2 scrolls of fear {unknown}
Potions
 d - a potion of agility {unknown}
 f - a potion of flight {unknown}
 s - 2 potions of heal wounds {unknown}
 J - a potion of brilliance {unknown}
Comestibles
 c - 5 rations


   Skills:
 + Level 4.9 Fighting
 * Level 5.6 Axes
 + Level 4.2 Armour
 + Level 3.0 Dodging


You had 6 spell levels left.
You didn't know any spells.
Your spell library was empty.

Dungeon Overview and Level Annotations

Branches:
Dungeon (6/15)
 Temple: D:4-7

Altars:
Elyvilon
Hepliaklqana
Xom
The Shining One

Annotations:
D:5 1 runed translucent door
D:6 Prince Ribbit


Innate Abilities, Weirdness & Mutations

You cannot be hasted, slowed, berserked, paralysed or teleported.
You can dig through walls and to a lower floor.
Your four strong arms can wield two-handed weapons with a shield.
You have a pair of large antennae on your head. (SInv)


Message History

Prince Ribbit hits you but does no damage.
Prince Ribbit hits you!
* * * LOW HITPOINT WARNING * * *
Your plate armour prevents you from hitting Prince Ribbit.
Prince Ribbit blinks!
You are too injured to fight recklessly!
Prince Ribbit hops awkwardly around.
Prince Ribbit blinks!
You miss Prince Ribbit.
Prince Ribbit hits you but does no damage.
You miss Prince Ribbit.
Prince Ribbit blinks!
Prince Ribbit hits you but does no damage.
Prince Ribbit hits you!
* * * LOW HITPOINT WARNING * * *
You slash Prince Ribbit!
Lightning courses through Prince Ribbit!
Prince Ribbit is heavily wounded.
Prince Ribbit hits you!
You die...
Xom titters!

#........# #........#
#........#
#........###
#..........# .
###..........# #.
.............##+ #..
....###.........
#..#### . #.@.......
##......
#.F........+.......
#.......... #...)#
#.......... #>....
#......... ##....
#.###...## # #.... ..
##.# #...# .# ####.
....##..###...###.##
#.
...................###
#.


You could see Prince Ribbit.

Vanquished Creatures
  An ogre (D:4)
  An ice beast (D:6)
  A sky beast (D:5)
  A scorpion (D:2)
  A howler monkey (D:4)
  Natasha (twice) (D:2)
  A worker ant (D:5)
  4 adders
  4 gnolls (D:3)
  A worm (D:4)
  2 dart slugs
  2 leopard geckos
  An orc (D:5)
  2 giant cockroaches (D:4)
  5 goblins
  9 hobgoblins
  2 jackals (D:2)
  4 quokkas
  A ball python (D:3)
  3 bats
  A frilled lizard (D:1)
  4 kobolds
  4 rats
57 creatures vanquished.

Notes
Turn   | Place    | Note
-------+----------+-------------------------------------------
     0 | D:1      | Descartes the Formicid Chaos Knight began the quest for the
                  | Orb.
     0 | D:1      | Reached XP level 1. HP: 18/18 MP: 1/1
    74 | D:1      | Reached skill level 1 in Dodging
   197 | D:1      | Reached XP level 2. HP: 22/24 MP: 2/2
   210 | D:1      | XOM: divination: magic mapping
   582 | D:2      | XOM: potion effect (curing)
   622 | D:2      | Found a shimmering altar of Xom.
   626 | D:2      | Found a shimmering altar of Xom.
   649 | D:2      | Reached XP level 3. HP: 29/29 MP: 3/3
   672 | D:2      | Found a faded altar of an unknown god.
   685 | D:2      | Noticed Natasha
   690 | D:2      | Killed Natasha
   690 | D:2      | Reached XP level 4. HP: 37/37 MP: 4/4
   789 | D:2      | Reached skill level 4 in Axes
   789 | D:2      | Reached XP level 5. HP: 37/42 MP: 5/5
   807 | D:2      | XOM: noise
   815 | D:2      | Noticed Natasha
   826 | D:2      | Killed Natasha
  1410 | D:3      | XOM: god gift: 5 gold pieces
  1505 | D:3      | Found a white marble altar of Elyvilon.
  1552 | D:3      | XOM: harmless Summ miscast
  1802 | D:3      | XOM: harmless Conj miscast
  1847 | D:3      | Reached XP level 6. HP: 36/48 MP: 6/6
  2397 | D:4      | Noticed an ogre
  2414 | D:4      | Killed an ogre
  2414 | D:4      | Reached skill level 5 in Axes
  2633 | D:4      | Got a bound pewter ring
  2635 | D:4      | Identified the ring of the First Seas {rC+ rN+ Str+2 Dex-5}
                  | (You found it on level 4 of the Dungeon)
  2695 | D:4      | XOM: enchant monster (good)
  2863 | D:4      | Found a hazy altar of Hepliaklqana.
  3022 | D:5      | Entered Level 5 of the Dungeon
  3140 | D:5      | Reached XP level 7. HP: 51/55 MP: 7/7
  3326 | D:5      | Found a runed translucent door.
  3326 | D:5      | Found a glowing golden altar of the Shining One.
  3326 | D:5      | Noticed an angel
  3333 | D:5      | XOM: fog
  3464 | D:6      | XOM: summons 3 hostile demons
  3509 | D:6      | XOM: smoke on damage
  3569 | D:6      | Noticed Prince Ribbit
  3583 | D:6      | Slain by Prince Ribbit

Levels and vault maps discovered:
D:1:      minmay_arrival_doors, layout_loops_ring
D:2:      layout_loops_ring, xom_redecorated, first_ration,
          chequers_ecumenical_altar_twisty, uniq_natasha
D:3:      layout_basic, elyvilon_altar_5
D:4:      layout_basic, lemuel_round_altar, hangedman_decor_slide_cut
D:5:      layout_cave_pools, lemuel_angel_altar
D:6:      layout_basic, fiery_altar_vehumet, nicolae_qazlal_eye_of_the_storm,
          ebering_ghost_xom, minmay_misc_feat_cross, kennysheep_generic_room_6,
          uniq_prince_ribbit1, uniq_duvessa

Skill      XL: |  1  2  3  4  5  6  7 |
---------------+----------------------+-----
Dodging        | 1 2 3 |  3.0
Axes           | 4 5 |  5.6
Armour         | 3 4 |  4.2
Fighting       | 4 |  4.9

Action                   |  1- 3 |  4- 6 |  7- 9 || total
-------------------------+-------+-------+-------++-------
Melee: Hand axe          |    51 |   154 |    50 ||   255
  Use: Potion            |       |     1 |       ||     1
 Stab: Petrified         |       |    12 |       ||    12
       Confused          |       |     1 |       ||     1
  Eat: Chunk             |       |     6 |     2 ||     8
Armor: Leather armour    |    18 |       |       ||    18
       Plate armour      |       |   110 |    49 ||   159
Dodge: Dodged            |    36 |    51 |    21 ||   108
